 Dungeon Sprint DCSS version 0.27-a0-1119-gbf574a6a6b (webtiles) character file.

Game seed: 13189616743487580622

16638 mhtbhm the Scorcher (level 12, -8/59 HPs)
             Began as a Deep Elf Fire Elementalist on May 2, 2021.
             Was the Champion of Vehumet.
             Shot with a bolt by a yaktaur (30 damage)
             ... in the Dungeon (Sprint V: "Ziggurat Sprint").
             The game lasted 00:07:33 (1777 turns).

mhtbhm the Scorcher (Deep Elf Fire Elementalist)    Turns: 1777, Time: 00:07:34

Health: -8/59      AC: 10    Str:  3    XL:     12   Next: 11%
Magic:  26/35      EV: 22    Int: 38    God:    Vehumet [******]
Gold:   0          SH:  0    Dex: 25    Spells: 15/46 levels left

rFire    + . .     SeeInvis .   C - +8 lance "Wyrmbane" {slay drac, rPois rF+ rC+ AC+3}
rCold    + . .     Faith    .   (no shield)
rNeg     . . .     Spirit   .   a - +0 robe of Paogiat {rElec Dex+7}
rPois    +         Reflect  .   (no helmet)
rElec    +         Harm     .   (no cloak)
rCorr    .         Rampage  .   (no gloves)
Will     +....     NoTele   +   G - +4 pair of boots "Damnable Contraption" {Dex+3 Stlth+}
Stlth    +++++.....             (no amulet)
HPRegen  0.19/turn              u - +6 ring of intelligence
MPRegen  0.24/turn              v - +6 ring of intelligence

@: no status effects
A: weak 1
a: Renounce Religion


You were in the Dungeon.
You worshipped Vehumet.
Vehumet was exalted by your worship.
You visited 1 branch

Inventory:

Hand Weapons
 C - the +8 lance "Wyrmbane" (weapon) {slay drac, rPois rF+ rC+ AC+3}
   (You found it in the Dungeon)

   It affects your AC (+3).
   It protects you from fire.
   It protects you from cold.
   It protects you from poison.
Armour
 a - the +0 robe of Paogiat (worn) {rElec Dex+7}
   (You found it in the Dungeon)

   It affects your dexterity (+7).
   It insulates you from electricity.
 G - the +4 pair of boots "Damnable Contraption" (worn) {Dex+3 Stlth+}
   (You found it in the Dungeon)

   It affects your dexterity (+3).
   It makes you more stealthy.
Jewellery
 u - a +6 ring of intelligence (left hand)
 v - a +6 ring of intelligence (right hand)
Wands
 x - a wand of flame (14)
 y - a wand of mindburst (7)
 z - a wand of iceblast (3)
Scrolls
 m - 4 scrolls of amnesia
 n - 7 scrolls of fog
 o - a scroll of holy word
 p - 5 scrolls of identify
 q - 2 scrolls of fear
 r - 2 scrolls of brand weapon
 s - 8 scrolls of enchant weapon
 t - 4 scrolls of enchant armour
Potions
 b - 2 potions of brilliance
 c - 10 potions of curing
 d - 5 potions of heal wounds
 e - 5 potions of haste
 f - 7 potions of magic
 g - 3 potions of berserk rage
 i - 2 potions of invisibility
 j - 4 potions of resistance
 k - a potion of experience
 l - 5 potions of might
Miscellaneous
 w - a phantom mirror
 A - a tin of tremorstones (2/2)
 B - a lightning rod (4/4)
 E - a box of beasts
 F - a condenser vane (inert)


   Skills:
 + Level 11.4 Dodging
 - Level 6.4 Stealth
 + Level 17.5 Spellcasting
 + Level 12.0 Conjurations
 + Level 18.4 Fire Magic
 * Level 13.7 Earth Magic
 + Level 10.2 Evocations


You had 15 spell levels left.
You knew the following spells:

 Your Spells              Type           Power      Damage    Failure   Level
a - Foxfire               Conj/Fire      100%       2x1d9     0%          1
b - Conjure Flame         Conj/Fire      99%        6-21      0%          3
c - Inner Flame           Hex/Fire       80%        N/A       1%          3
d - Sticky Flame          Conj/Fire      99%        2d11      0%          4
e - Fireball              Conj/Fire      49%        3d19      1%          5
f - Iron Shot             Conj/Erth      46%        9d9       1%          6
g - Shatter               Erth           47%        3d36*     61%         9

Your spell library contained the following spells:

 Spells                   Type           Power      Damage    Failure   Level
 Starburst                Conj/Fire      49%        8x6d14    1%          6
 Sandblast                Erth           100%       2d20      0%          1
 Stone Arrow              Conj/Erth      100%       3d13      0%          3
 Apportation              Tloc           66%        N/A       1%          1
 Sting                    Tmut/Pois      100%       1d8       1%          1
 Summon Small Mammal      Summ           100%       N/A       1%          1
 Ensorcelled Hibernation  Hex/Ice        66%        N/A       1%          2
 Passwall                 Tmut/Erth      59%        N/A       1%          2
 Poisonous Vapours        Pois/Air       66%        N/A       1%          2
 Sublimation of Blood     Necr           16%        N/A       1%          2
 Dazzling Flash           Conj/Hex       100%       N/A       1%          3
 Ignite Poison            Fire/Tmut/Pois 68%        N/A       1%          3
 Mephitic Cloud           Conj/Pois/Air  59%        N/A       1%          3
 Animate Armour           Summ/Erth      100%       N/A       1%          4
 Leda's Liquefaction      Hex/Erth       35%        N/A       1%          4
 Petrify                  Tmut/Erth      71%        N/A       1%          4
 Bolt of Magma            Conj/Fire/Erth 49%        4d20      1%          5
 Irradiate                Conj/Tmut      34%        3d25      1%          5
 Iskenderun's Battlesphe  Conj           90%        2d14      1%          5
 Lee's Rapid Deconstruct  Erth           47%        3d24*     1%          5
 Orb of Destruction       Conj           45%        9d15      1%          7
 Lesser Beckoning         Tloc           16%        N/A       2%          3
 Tukima's Dance           Hex            33%        N/A       2%          3
 Olgreb's Toxic Radiance  Pois           33%        N/A       2%          4
 Statue Form              Tmut/Erth      47%        N/A       9%          6
 Ice Form                 Ice/Tmut       33%        N/A       10%         4
 Summon Lightning Spire   Summ/Air       33%        N/A       10%         4
 Spellforged Servitor     Conj/Summ      34%        N/A       17%         7
 Alistair's Intoxication  Tmut/Pois      22%        N/A       26%         5
 Metabolic Englaciation   Hex/Ice        16%        N/A       26%         5
 Summon Forest            Summ/Tloc      16%        N/A       26%         5
 Eringya's Noxious Bog    Tmut/Pois      16%        N/A       34%         6
 Blade Hands              Tmut           16%        N/A       82%         6
 Invisibility             Hex            33%        N/A       82%         6
 Dragon Form              Tmut           16%        N/A       100%        7
 Dragon's Call            Summ           16%        N/A       100%        9


Dungeon Overview and Level Annotations

Branches:
Dungeon (1/1)

Altars:
Ashenzari
Cheibriados
Dithmenos
Elyvilon
Fedhas
Gozag
Hepliaklqana
Kikubaaqudgha
Makhleb
Nemelex Xobeh
Okawaru
Qazlal
Ru
Sif Muna
Trog
Uskayaw
Vehumet
Wu Jian
Xom
Yredelemnul
Zin
The Shining One
Beogh
Jiyva
Lugonu

Annotations:
D 1 transporter


Innate Abilities, Weirdness & Mutations

You are weak. (Str -2)


Message History

Casting: Fireball (safe; 1% risk of failure)
Confirm with . or Enter, or press ? or * to list all spells.
Aiming: Fireball (safe; 1% risk of failure)
Press: ? - help, Shift-Dir - straight line The fireball explodes!
The fireball engulfs the vault guard!!
The vault guard is severely wounded.
The fireball engulfs the vault guard!!
The vault guard is moderately wounded.
The fireball engulfs the lich!!
The lich is moderately damaged.
The vault guard is engulfed in freezing vapours.
Unknown command.
Unknown command.
Unknown command.
Unknown command.
Blink to where?
Press: ? - help, Dir - move target
As you read the scroll of blinking, it crumbles to dust.
The yaktaur wields a +0 arbalest.
The yaktaur shoots a bolt.
The bolt hits you!
Found four items.
Found a transporter.
Unknown command.
Casting: Fireball (safe; 1% risk of failure)
Confirm with . or Enter, or press ? or * to list all spells.
Aiming: Fireball (safe; 1% risk of failure)
Press: ? - help, Shift-Dir - straight line, f - yaktaur captain
Aim: a yaktaur captain, wielding a +0 arbalest and quivering bolts (heavily wounded)
The fireball explodes!
The fireball engulfs the vault guard!!!
The vault guard is severely wounded.
The fireball engulfs the yaktaur captain!!!
You kill the yaktaur captain!
Vehumet accepts your kill.
Vehumet offers you knowledge of Starburst.
You feel your power returning.
The fireball engulfs the vault guard!!!
The vault guard is almost dead.
The fireball engulfs the vault guard!!
The vault guard is severely wounded.
The vault guard is engulfed in freezing vapours.
The yaktaur shoots a bolt.
The bolt hits you!!
Ouch! That really hurt!
You die...

▓...[. ▓....)
▓...() ▓.)..)
▓..... ▓▓▓▓▓▓▓▓▓
▓..... ▓....8©8.
▓....© ▓..)[}:c.
▓▓▓▓▓▓
▓@.§§§§§§...▓...8©
▓.p§pp......▓..)}.
▓.p§p.)p)...▓...}.
▓......c....▓.....
▓.......... ▓.....
▓..▓..L..▓ ▓.....
▓.▓▓▓.p.▓▓ ▓.....
▓..▓..§..▓..▓.....
▓.....©.....▓....©


You could see a lich, 7 vault guards and 2 yaktaurs.

Vanquished Creatures
  2 acid blobs (D)
  A rockslime (D)
  A reaper (D)
  A yaktaur captain (D)
  A great orb of eyes (D)
  3 two-headed ogres (D)
  A sun demon (D)
  4 shining eyes (D)
  A cyclops (D)
  A rust devil (D)
  A hellion (D)
  2 rime drakes (D)
  A yaktaur (D)
  4 ice devils (D)
  2 polar bears (D)
  2 slime creatures (D)
  A shadow (D)
  Sigmund (D)
  A spriggan (D)
  4 golden eyes (D)
  A neqoxec (D)
  A hell hound (D)
  A floating eye (D)
  Duvessa (D)
  A black bear (D)
  2 necrophages (D)
  3 ogres (D)
  2 wolves (D)
  A phantom (D)
  Blork the orc (D)
  Dowan (D)
  2 wights (D)
  A quasit (D)
  3 jellies (D)
  Crazy Yiuf (D)
  Jessica (D)
  3 white imps (D)
  2 adder skeletons (D)
  A bat simulacrum (D)
  6 endoplasms (D)
  A jackal (D)
  3 ball python zombies (D)
  A jackal skeleton (D)
  2 jackal zombies (D)
77 creatures vanquished.

Notes
Turn   | Place    | Note
-------+----------+-------------------------------------------
     0 | D        | mhtbhm the Deep Elf Fire Elementalist began the quest for
                  | the Orb.
     0 | D        | Reached XP level 1. HP: 10/10 MP: 6/6
     0 | D        | Found a shimmering blue altar of Sif Muna.
     0 | D        | Found a bloodstained altar of Trog.
     0 | D        | Found a sacrificial altar of Ru.
     0 | D        | Found a stormy altar of Qazlal.
     0 | D        | Found an iron altar of Okawaru.
     1 | D        | Found a sparkling altar of Nemelex Xobeh.
     1 | D        | Found a blossoming altar of Fedhas.
     2 | D        | Found the +6 Majin-Bo {vamp, MP+6 Int+6}
     2 | D        | Found the +9 heavy crossbow "Sniper" {vorpal, Acc+∞ SInv}
     2 | D        | Found the +10 dark maul {vorpal}
     2 | D        | Found the +15 Maxwell's patent armour {-Cast -Tele rElec
                  | Will+ rCorr}
     2 | D        | Found the +18 shield of the Gong {rElec rN+ Will+ EV-5}
     2 | D        | Found the +14 obsidian axe {vorpal, Drain Fly SInv}
     2 | D        | Found the +7 great mace "Firestarter" {inner flame, rF++}
     2 | D        | Found the +6 shillelagh "Devastator" {shatter}
     2 | D        | Found the +11 plutonium sword {Contam Stlth-}
     2 | D        | Found the +8 lance "Wyrmbane" {slay drac, rPois rF+ rC+
                  | AC+3}
     2 | D        | Found the +9 sword of Zonguldrok {reap}
     2 | D        | Found the +13 scythe of Curses {drain, Drain}
     2 | D        | Found the +5 sword of Power {vorpal}
     2 | D        | Found the +7 mace of Variability {chain chaos}
     2 | D        | Found the +7 Singing Sword {vorpal, sonic wave}
     2 | D        | Found the +8 storm bow {elec, penet}
     3 | D        | Found a transporter.
     3 | D        | Found an ancient bone altar of Kikubaaqudgha.
     3 | D        | Found a viscous altar of Jiyva.
     3 | D        | Found a corrupted altar of Lugonu.
     3 | D        | Found a hazy altar of Hepliaklqana.
     3 | D        | Found a burning altar of Makhleb.
     3 | D        | Found an opulent altar of Gozag.
    37 | D        | Became a worshipper of Vehumet
    57 | D        | Entered arena 2.
    57 | D        | Noticed a wolf
    57 | D        | Found a transporter.
    59 | D        | Killed a wolf
    60 | D        | Reached skill level 5 in Spellcasting
    60 | D        | Reached skill level 7 in Fire Magic
    60 | D        | Reached XP level 2. HP: 15/15 MP: 6/10
    60 | D        | Reached XP level 3. HP: 19/19 MP: 7/12
    60 | D        | Reached XP level 4. HP: 24/24 MP: 7/13
   111 | D        | Learned a level 3 spell: Conjure Flame
   115 | D        | Learned a level 3 spell: Inner Flame
   120 | D        | Learned a level 4 spell: Sticky Flame
   225 | D        | Entered arena 3.
   225 | D        | Noticed a black bear
   225 | D        | Noticed a wolf
   225 | D        | Noticed a spriggan
   225 | D        | Found a transporter.
   227 | D        | Killed a spriggan
   227 | D        | Reached * piety under Vehumet
   227 | D        | Offered knowledge of Sandblast by Vehumet.
   228 | D        | Reached skill level 5 in Dodging
   228 | D        | Reached skill level 5 in Stealth
   228 | D        | Reached skill level 10 in Fire Magic
   228 | D        | Reached skill level 1 in Evocations
   228 | D        | Reached XP level 5. HP: 21/28 MP: 14/17
   228 | D        | Killed a black bear
   228 | D        | Killed a wolf
   229 | D        | Reached skill level 11 in Fire Magic
   229 | D        | Reached XP level 6. HP: 24/32 MP: 14/19
   235 | D        | Learned a level 5 spell: Fireball
   301 | D        | Entered arena 4.
   301 | D        | Noticed a hell hound
   301 | D        | Found a transporter.
   303 | D        | Reached ** piety under Vehumet
   306 | D        | Killed a hell hound
   307 | D        | Reached skill level 12 in Fire Magic
   307 | D        | Reached XP level 7. HP: 15/36 MP: 14/21
   399 | D        | Got the Compendium of Creative Cold
   486 | D        | Learned a level 6 spell: Iron Shot
   488 | D        | Entered arena 5.
   488 | D        | Noticed a neqoxec
   488 | D        | Noticed a sun demon
   488 | D        | Found a transporter.
   489 | D        | Offered knowledge of Static Discharge by Vehumet.
   489 | D        | Reached *** piety under Vehumet
   490 | D        | Killed a neqoxec
   495 | D        | Killed a sun demon
   495 | D        | Reached **** piety under Vehumet
   496 | D        | Reached skill level 10 in Spellcasting
   496 | D        | Reached skill level 13 in Fire Magic
   496 | D        | Reached skill level 5 in Earth Magic
   496 | D        | Reached skill level 5 in Evocations
   496 | D        | Reached XP level 8. HP: 8/41 MP: 15/24
   752 | D        | Entered arena 6.
   752 | D        | Found a transporter.
   753 | D        | Offered knowledge of Searing Ray by Vehumet.
   754 | D        | Reached ***** piety under Vehumet
   780 | D        | Entered arena 7.
   782 | D        | Reached skill level 14 in Fire Magic
   784 | D        | Found a transporter.
   941 | D        | Entered arena 8.
   941 | D        | Noticed Sigmund
   941 | D        | Noticed Jessica
   941 | D        | Noticed Blork the orc
   941 | D        | Noticed Crazy Yiuf
   941 | D        | Noticed Dowan
   941 | D        | Noticed Duvessa
   942 | D        | Identified the +9 short sword of Girchao {drain, +Rage}
   942 | D        | Killed Jessica
   942 | D        | Offered knowledge of Airstrike by Vehumet.
   943 | D        | Killed Crazy Yiuf
   943 | D        | Killed Dowan
   943 | D        | Reached ****** piety under Vehumet
   944 | D        | Killed Duvessa
   944 | D        | Killed Blork the orc
   946 | D        | Killed Sigmund
   947 | D        | Reached XP level 9. HP: 40/45 MP: 7/26
  1042 | D        | Found a transporter.
  1064 | D        | Got the ring "Vecoanav" {rF+ Str+6}
  1070 | D        | Entered arena 9.
  1070 | D        | Noticed a two-headed ogre
  1070 | D        | Noticed a two-headed ogre
  1070 | D        | Noticed a cyclops
  1070 | D        | Noticed a two-headed ogre
  1073 | D        | Killed a two-headed ogre
  1073 | D        | Killed a two-headed ogre
  1074 | D        | Reached skill level 10 in Dodging
  1074 | D        | Reached skill level 15 in Fire Magic
  1074 | D        | Killed a cyclops
  1075 | D        | Reached skill level 5 in Conjurations
  1077 | D        | Killed a two-headed ogre
  1078 | D        | Reached skill level 16 in Fire Magic
  1078 | D        | Reached XP level 10. HP: 39/50 MP: 12/29
  1171 | D        | Found a transporter.
  1185 | D        | Got the Guide on Creative Bewitchment
  1195 | D        | Entered arena 10.
  1195 | D        | Noticed a shining eye
  1195 | D        | Noticed a shining eye
  1195 | D        | Noticed a shining eye
  1196 | D        | Offered knowledge of Fulminant Prism by Vehumet.
  1196 | D        | Gained mutation: You are weak. (Str -2) [a shining eye]
  1198 | D        | Killed a shining eye
  1198 | D        | Killed a shining eye
  1199 | D        | Reached skill level 10 in Earth Magic
  1199 | D        | Killed a shining eye
  1201 | D        | Found a transporter.
  1276 | D        | Got the +0 robe of Paogiat {rElec Dex+7}
  1285 | D        | Entered arena 11.
  1286 | D        | Found the +8 Wrath of Trog {antimagic, *Rage}
  1292 | D        | Found a transporter.
  1368 | D        | Entered arena 12.
  1369 | D        | Offered knowledge of Conjure Ball Lightning by Vehumet.
  1370 | D        | Reached XP level 11. HP: 54/54 MP: 28/31
  1370 | D        | Noticed a reaper
  1377 | D        | Reached skill level 17 in Fire Magic
  1378 | D        | Found a transporter.
  1379 | D        | Killed a reaper
  1380 | D        | Reached skill level 15 in Spellcasting
  1568 | D        | Entered arena 13.
  1568 | D        | Noticed a rockslime
  1568 | D        | Noticed an acid blob
  1570 | D        | Offered knowledge of Iskenderun's Mystic Blast by Vehumet.
  1572 | D        | Noticed a shining eye
  1572 | D        | Noticed an acid blob
  1573 | D        | Killed an acid blob
  1574 | D        | Reached skill level 10 in Conjurations
  1574 | D        | Killed a shining eye
  1577 | D        | Noticed a great orb of eyes
  1578 | D        | Found a transporter.
  1579 | D        | Killed an acid blob
  1580 | D        | Reached skill level 18 in Fire Magic
  1580 | D        | Reached skill level 10 in Evocations
  1587 | D        | Killed a great orb of eyes
  1591 | D        | Killed a rockslime
  1592 | D        | Reached XP level 12. HP: 29/59 MP: 8/35
  1734 | D        | Got the +4 pair of boots "Damnable Contraption" {Dex+3
                  | Stlth+}
  1768 | D        | Learned a level 9 spell: Shatter
  1769 | D        | Entered arena 14.
  1770 | D        | Noticed a lich
  1770 | D        | Noticed a vault guard
  1771 | D        | Noticed a yaktaur captain
  1771 | D        | Noticed a vault guard
  1772 | D        | Noticed a vault guard
  1772 | D        | Noticed a vault guard
  1772 | D        | Noticed a vault guard
  1772 | D        | Noticed a vault guard
  1774 | D        | Noticed a vault guard
  1776 | D        | Found a transporter.
  1777 | D        | Killed a yaktaur captain
  1777 | D        | Offered knowledge of Starburst by Vehumet.
  1777 | D        | Shot with a bolt by a yaktaur

Illustrated notes

Levels and vault maps discovered:
D:        sprint_v [room_start, room_1, room_2, room_3, room_4, room_5, room_6,
          room_7, room_8, room_9, room_10, room_11, room_12, room_13, room_14,
          room_15, room_16, room_17, room_18, room_19, room_20, room_21,
          room_22, room_23, room_24, room_25, room_26, room_27]

Skill      XL: |  1  2  3  4  5  6  7  8  9 10 11 12 |
---------------+-------------------------------------+-----
Dodging        | 4 5 6 7 8 9 10 11 | 11.4
Stealth        | 3 5 6 |  6.4
Spellcasting   | 5 7 8 9 10 11 13 14 17 | 17.5
Fire Magic     | 7 10 11 12 13 14 16 18 | 18.4
Evocations     | 1 2 3 5 6 8 9 10 | 10.2
Conjurations   | 2 3 5 8 11 12 | 12.0
Earth Magic    | 5 6 9 11 13 | 13.7

Action                   |  1- 3 |  4- 6 |  7- 9 | 10-12 || total
-------------------------+-------+-------+-------+-------++-------
 Cast: Fireball          |       |     1 |    17 |    31 ||    49
       Iron Shot         |       |       |       |     2 ||     2
Evoke: Wand              |     1 |     2 |     4 |     4 ||    11
       Lightning rod     |     1 |     5 |     1 |     3 ||    10
       Condenser vane    |       |       |     1 |     3 ||     4
  Use: Potion            |       |       |     1 |     5 ||     6
       Scroll            |       |       |       |     4 ||     4
Armor: Robe              |     2 |       |       |       ||     2
Dodge: Dodged            |     2 |     1 |     3 |     5 ||    11

Table legend: (Time is in decaauts)
 A = Elapsed time spent in this place.
 B = Non-inter-level travel time spent in this place.
 C = Inter-level travel time spent in this place.
 D = Time resting spent in this place.
 E = Time spent auto-exploring this place.
 F = Levels seen in this place.
 G = Mean time per level.
                   A        B        C        D        E       F      G
               +--------+--------+--------+--------+--------+-----+--------+
         Total |   1756 |   1756 |      0 |   1328 |      0 |   1 | 1756.0 |
       Dungeon |   1756 |   1756 |      0 |   1328 |      0 |   1 | 1756.0 |
               +--------+--------+--------+--------+--------+-----+--------+

Top non-repeatable levels by time:
       D: 1756 daAuts
